 Dungeon Crawl Stone Soup version 0.31.0-9-g3a7656b989 (webtiles) character file.

Game seed: 4669169966041186028

22 qw the Shooter (level 2, -2/14 HPs)
             Began as a Spriggan Hunter on Feb 3, 2024.
             Frozen to death by an endoplasm (5 damage)
             ... on level 1 of the Dungeon.
             The game lasted 00:00:01 (401 turns).

qw the Shooter (Spriggan Hunter)                     Turns: 401, Time: 00:00:01

Health: -2/14      AC:  2    Str:  7    XL:     2   Next: 68%
Magic:  3/3        EV: 19    Int: 10    God:
Gold:   30         SH:  0    Dex: 18    Spells: 1/1 levels left

rFire   . . .        a - +0 shortbow
rCold   . . .        (shield currently unavailable)
rNeg    . . .        c - +0 robe
rPois   .            (helmet restricted)
rElec   .            (no cloak)
rCorr   .            (gloves unavailable)
SInv    +            (boots unavailable)
Will    .....        (no amulet)
Stlth   ++           (no ring)
HPRegen 0.22/turn    (no ring)
MPRegen 0.08/turn

%: no passive effects
@: very quick
A: very small, no large weapons, unfitting armour, see invisible, speed 3
a: no special abilities


You were on level 1 of the Dungeon.
You visited 1 branch of the dungeon, and saw 1 of its levels.

You collected 30 gold pieces.


Innate Abilities, Weirdness & Mutations

You are very small and have problems with some larger weapons.
You are too small for most types of armour.
You have supernaturally acute eyesight. (SInv)
You cover ground extremely quickly. (Speed+++)


   Skills:
 - Level 1.5 Fighting
 + Level 4.2 Ranged Weapons
 - Level 4.0 Dodging
 - Level 1.5 Stealth


You had one spell level left.
You didn't know any spells.
Your spell library was empty.

Inventory:

Hand Weapons
 a - a +0 shortbow (weapon)
Armour
 c - a +0 robe (worn)
Scrolls
 b - a scroll of butterflies
 d - a scroll of fear {unknown}
 e - a scroll of enchant armour {unknown}
 g - a scroll of enchant weapon {unknown}
 i - a scroll of brand weapon {unknown}
Potions
 f - a potion of degeneration {unknown}
 h - a potion of curing {unknown}

Dungeon Overview and Level Annotations

Branches:
Dungeon (1/15)

Altars:


Message History

The arrow hits the bat but does no damage.
The bat barely misses you.
An endoplasm comes into view.
You shoot an arrow. The endoplasm quivers.
The arrow hits the endoplasm.
The endoplasm is moderately wounded.
You hear a loud squeak.
The bat completely misses you. The endoplasm closely misses you.
The bat completely misses you.
Enter note:
Enter note:
Enter note:
Enter note:
Enter note:
Enter note:
398 ||| RETREEEEATING.
You shoot an arrow.
The arrow hits the quokka but does no damage.
The quokka is heavily wounded.
The bat misses you. The quokka closely misses you. The endoplasm freezes you.
You are frozen.
The quokka bites you.
399 ||| RETREEEEATING.
You shoot an arrow. The arrow barely misses the quokka.
The bat hits you but does no damage. The endoplasm barely misses you.
A rat comes into view.
The quokka closely misses you. The bat misses you.
400 ||| RETREEEEATING.
You shoot an arrow. The arrow hits the quokka.
You kill the quokka!
The bat misses you. The endoplasm freezes you.
You are frozen.
The bat misses you. The endoplasm freezes you.
You are frozen.
The bat completely misses you.
You shoot an arrow. The arrow barely misses the endoplasm.
The arrow hits the goblin.
The goblin is moderately wounded.
The bat misses you. x2
The endoplasm freezes you.
You are frozen.
You die...

#...#.#.####....###..
#######.#.# #....#
#[. ... #.#.# #....#
#.. .... ....# #....#
#.. .... #.### #....#
#.. ..##.# #....# #..
#...# ##....# #).
#.#.### #..#### #..
#b@...###.##
#.JJ###..##.# ##g#
##.##.#


)%r #(...# ... #.#### #... #..# .... ...## #..# #.## #. You could see 2
endoplasms, a goblin, a bat and a rat.

Vanquished Creatures
  A dart slug (D:1)
  An endoplasm (D:1)
  2 giant cockroaches (D:1)
  3 goblins (D:1)
  2 hobgoblins (D:1)
  A quokka (D:1)
  3 ball pythons (D:1)
  3 kobolds (D:1)
  2 rats (D:1)
18 creatures vanquished.

Notes
Turn   | Place    | Note
-------+----------+-------------------------------------------
     0 | D:1      | qw the Spriggan Hunter began the quest for the Orb.
     0 | D:1      | Reached XP level 1. HP: 10/10 MP: 2/2
     0 | D:1      | 0 ||| qw: Version: 0.3-a-155-g5e7d8dd
     0 | D:1      | 0 ||| qw: Game counter: 2904
     0 | D:1      | 0 ||| qw: Melee chars always use a shield: true
     0 | D:1      | 0 ||| qw: God list: Okawaru
     0 | D:1      | 0 ||| qw: Allow faded altars: false
     0 | D:1      | 0 ||| qw: Do Orc after clearing Dungeon:15 true
     0 | D:1      | 0 ||| qw: Do second Lair branch before Depths: true
     0 | D:1      | 0 ||| qw: Lair rune preference: random
     0 | D:1      | 0 ||| qw: Goals: Normal
     0 | D:1      | 0 ||| PLANNING D:1-11
    26 | D:1      | Reached skill level 3 in Dodging
   301 | D:1      | Reached XP level 2. HP: 14/14 MP: 3/3
   398 | D:1      | 398 ||| RETREEEEATING.
   399 | D:1      | 399 ||| RETREEEEATING.
   400 | D:1      | 400 ||| RETREEEEATING.
   400 | D:1      | HP: 3/14 [frozen (5)]
   401 | D:1      | Frozen to death by an endoplasm

Levels and vault maps discovered:
D:1:      dpeg_arrival_prison, layout_basic, minmay_three_crescents

Skill      XL: |  1  2 |
---------------+-------+-----
Dodging        | 3 4 |  4.0
Fighting       | |  1.5
Ranged Weapons | |  4.2
Stealth        | |  1.5

Action                     || total
---------------------------++-------
   Fire: Shortbow          ||    45
 Armour: Robe              ||     6
  Dodge: Dodged            ||    28

Table legend:
 A = Non-vault XP
 B = Vault XP
 C = Vault XP percentage of total XP
 D = Non-vault monster count
 E = Vault monster count
 F = Vault count percentage of total count
                 A         B        C        D         E       F
            +---------+---------+-------+---------+---------+-------
      Total |      26 |       6 |  18.8 |      14 |       4 |  22.2
            +---------+---------+-------+---------+---------+-------
        D:1 |      26 |       6 |  18.8 |      14 |       4 |  22.2
            +---------+---------+-------+---------+---------+-------
